 Dungeon Crawl Stone Soup version 0.32-a0-818-gb728d0252e (webtiles) character file.

Game seed: 664688278604227970

6317 pantherbaby0 the Blocker (level 11, -5/87 HPs)
             Began as a Formicid Fighter on Mar 24, 2024.
             Was a High Priest of Cheibriados.
             Slain by an orc
             ... wielding a +0 spear
              (7 damage)
             ... in a bailey.
             The game lasted 00:22:13 (7113 turns).

pantherbaby0 the Blocker (Formicid Fighter)         Turns: 7113, Time: 00:22:13

Health: -5/87      AC: 19    Str: 35    XL:     11   Next: 16%
Magic:  11/11      EV: 12    Int: 22    God:    Cheibriados [*****.]
Gold:   622        SH:  8    Dex: 28    Spells: 10/10 levels left

rFire   . . .        s - +13 sword of the Doom Knight {doom -Cast ^Drain Will+}
rCold   . . .        c - +0 buckler
rNeg    . . .        D - +0 plate armour
rPois   .            (helmet unavailable)
rElec   .            (no cloak)
rCorr   .            i - +0 pair of gloves
SInv    +            (no boots)
Will    ++...        x - amulet of regeneration Stlth
                     F - +5 ring of evasion
HPRegen 1.14/turn    z - +4 ring of protection
MPRegen 0.12/turn

%: no spellcasting
@: mighty, studying Ranged Weapons, very slow
A: permanent stasis, dig shafts and tunnels, antennae 3, four strong arms
a: Dig, Renounce Religion, Bend Time, Temporal Distortion, Slouch, Step From
Time


You were in a bailey.
You worshipped Cheibriados.
Cheibriados was extremely pleased with you.
You visited 2 branches of the dungeon, and saw 10 of its levels.
You also visited: Bailey.

You collected 682 gold pieces.
You spent 60 gold pieces at shops.

Inventory:

Hand Weapons
 q - the +5 great mace "Tizag" {vamp, ^Contam rN++ Str-3 SInv}
   (You took it off an ogre on level 8 of the Dungeon)

   Str-3:     It affects your strength (-3).
   rN++:      It greatly protects you from negative energy.
   SInv:      It lets you see invisible.
   ^Contam:   It causes magical contamination when unequipped.
 s - the +13 sword of the Doom Knight (weapon) {doom -Cast ^Drain Will+}
   (You took it off a gnoll on level 2 of the Dungeon)

   Will+:     It increases your willpower.
   -Cast:     It prevents spellcasting.
   ^Drain:    It drains your maximum health when unequipped.
Armour
 a - the +1 leather armour of Polish {Will++}
   (You found it on level 7 of the Dungeon)

   Will++:    It greatly increases your willpower.
 c - a +0 buckler (worn)
 i - a +0 pair of gloves (worn)
 D - a +0 plate armour (worn)
Jewellery
 f - a ring of protection from cold
 o - a ring of wizardry
 x - an amulet of regeneration (around neck)
 z - a +4 ring of protection (right hand)
 F - a +5 ring of evasion (left hand)
 K - a +6 ring of dexterity
Wands
 y - a wand of flame (13)
 B - a wand of paralysis (9)
 G - a wand of warping (4)
Scrolls
 j - a scroll of amnesia {unknown}
 l - 2 scrolls of fog {unknown}
 m - a scroll of immolation {unknown}
 n - 2 scrolls of torment {unknown}
 p - a scroll of fear {unknown}
 A - a scroll of blinking {unknown}
 C - 2 scrolls of vulnerability
 E - a scroll of noise {unknown}
 H - a scroll of revelation {unknown}
 I - 3 scrolls of enchant armour {unknown}
 J - a scroll of poison {unknown}
Potions
 b - a potion of mutation {unknown}
 d - 4 potions of might
 e - a potion of berserk rage {unknown}
 g - 2 potions of resistance {unknown}
 h - 11 potions of heal wounds
 k - 3 potions of attraction
 r - 2 potions of curing
 t - 5 potions of cancellation
 u - 2 potions of haste {unknown}
 v - 2 potions of brilliance
 w - a potion of ambrosia {unknown}
 L - a potion of invisibility {unknown}


   Skills:
 + Level 8.8 Fighting
 * Level 9.9 Long Blades
 - Level 0.2 Maces & Flails
 - Level 2.6 Polearms
 + Level 8.7 Armour
 + Level 10.3 Shields


You had 10 spell levels left.
You didn't know any spells.
Your spell library contained the following spells:

 Spells                   Type           Power      Damage    Failure   Level
 Freeze                   Ice            0%         1d3       73%         1
 Lesser Beckoning         Tloc           0%         N/A       86%         2
 Momentum Strike          Conj/Tloc      0%         3d8       86%         2
 Scorch                   Fire           0%         2d5       86%         2
 Frozen Ramparts          Ice            0%         1d1       97%         3
 Hailstorm                Conj/Ice       0%         3d5       97%         3
 Ozocubu's Armour         Ice            0%         N/A       97%         3
 Flame Wave               Conj/Fire      0%         2d4       100%        4
 Petrify                  Alch/Erth      0%         N/A       100%        4
 Iskenderun's Battlesphe  Conj           0%         2d6       100%        5
 Metabolic Englaciation   Hex/Ice        0%         N/A       100%        5
 Summon Cactus Giant      Summ           0%         N/A       100%        6
 Blink                    Tloc           Unusable   N/A       N/A         2

Dungeon Overview and Level Annotations

Branches:
Dungeon (9/15)             Temple (1/1) D:4            Lair (0/5) D:8
 Bailey (1/1)
    Orc: D:9-12

Altars:
Ashenzari
Cheibriados
Dithmenos
Elyvilon
Fedhas
Gozag
Kikubaaqudgha
Makhleb
Nemelex Xobeh
Okawaru
Qazlal
Ru
Sif Muna
Trog
Uskayaw
Vehumet
Wu Jian
Xom
Yredelemnul
Zin
The Shining One

Shops:
D:7 ?*


Innate Abilities, Weirdness & Mutations

You cannot be hasted, slowed, berserked, paralysed or teleported.
You can dig through walls and to a lower floor.
You have a pair of large antennae on your head. (SInv)
Your four strong arms can wield two-handed weapons with a shield.


Message History

The orc hits you from afar with a +0 spear.
The orc closely misses you. The orc hits you but does no damage.
The orc knight hits you from afar with a +0 trident.
The orc knight hits you with a +0 trident!
You block the orc's attack.
The orc knight hits you from afar with a +0 trident.
The orc knight completely misses you. The orc closely misses you.
The orc warrior hits you with a +0 war axe!
The orc hits you with a +0 war axe!
You closely miss the orc knight. The orc closely misses you.
The orc hits you but does no damage. You block the orc knight's attack.
An orc warrior comes into view. It is wielding a +0 halberd.
The orc knight closely misses you. You block the orc's attack.
The orc warrior barely misses you. The orc hits you but does no damage.
You barely miss the orc knight. The orc closely misses you.
The orc hits you with a +0 war axe!
The orc knight hits you from afar with a +0 trident.
You block the orc's attack.
The orc warrior hits you with a +0 war axe.
The orc knight hits you with a +0 trident.
You block the orc's attack. The orc closely misses you.
The orc knight hits you from afar with a +0 trident!
* * * LOW HITPOINT WARNING * * *
The orc knight hits you but does no damage.
The orc closely misses you. The orc barely misses you.
The orc warrior hits you but does no damage.
You closely miss the orc. You block the orc's attack.
The orc hits you but does no damage.
The orc knight hits you from afar with a +0 trident.
* * * LOW HITPOINT WARNING * * *
The orc closely misses you.
The orc knight hits you with a +0 trident!
* * * LOW HITPOINT WARNING * * *
You block the orc warrior's attack. The orc barely misses you.
You slice the orc!!
You kill the orc!
Cheibriados appreciates the change of pace.
The orc hits you from afar with a +0 spear!
You die...
Cheibriados appreciates the motionlessness of death.

##'''##
#.....#
#.....#
#.....#
#.....#
#.....#
##'''##
##...).##
#..oo@..#
#..#o#o.#
#...o{o.#
#....{..#
#....{..#
##.....##
#'''''#
#... .#


You could see 2 orc knights, an orc warrior (strong) and 3 orcs.

Vanquished Creatures
  The ghost of whodunnit the Covert, a novice OpSh of Ru (D:8)
  An elephant (D:8)
  A troll (D:8)
  A slime creature (D:8)
  3 yaks (D:9)
  2 wyverns (D:8)
  3 steam dragons
  A basilisk (D:8)
  3 sky beasts
  5 orc warriors
  A black bear (D:8)
  4 ice beasts
  2 ogres (D:8)
  2 centaurs
  2 phantoms
  A bullfrog (D:8)
  3 scorpions
  3 wights (D:7)
  11 killer bees
  A howler monkey (D:8)
  3 crimson imps (D:4)
  An iron imp (D:7)
  3 orc priests
  A bombardier beetle (D:5)
  2 jellies
  A gnoll bouda (D:6)
  7 hounds
  5 iguanas
  A sleepcap (D:5)
  4 orc wizards
  13 gnolls
  6 adders
  9 river rats (D:6)
  4 white imps
  4 ufetubi
  3 ribbon worms
  33 orcs
  4 bats
  8 endoplasms
  A giant cockroach (D:3)
  12 goblins
  8 hobgoblins
  7 jackals
  9 quokkas
  8 ball pythons
  4 frilled lizards
  7 kobolds
  23 rats
242 creatures vanquished.

Notes
Turn   | Place    | Note
-------+----------+-------------------------------------------
     0 | D:1      | pantherbaby0 the Formicid Fighter began the quest for the
                  | Orb.
     0 | D:1      | Reached XP level 1. HP: 18/18 MP: 1/1
   126 | D:1      | Reached XP level 2. HP: 23/24 MP: 2/2
   264 | D:1      | Got the Encyclopedia of the Barrage and Takwin
   636 | D:1      | Found a faded altar of an unknown god.
   746 | D:1      | Reached XP level 3. HP: 29/29 MP: 3/3
  1398 | D:2      | Reached XP level 4. HP: 36/37 MP: 4/4
  1530 | D:2      | Found a glowing silver altar of Zin.
  1990 | D:3      | Found an opulent altar of Gozag.
  2104 | D:3      | Reached XP level 5. HP: 42/42 MP: 5/5
  2273 | D:3      | Found a snail-covered altar of Cheibriados.
  2343 | D:3      | Found a sparkling altar of Nemelex Xobeh.
  2422 | D:3      | Found a glowing golden altar of the Shining One.
  2432 | D:3      | Became a worshipper of the Shining One
  2440 | D:3      | Was placed under penance by the Shining One
  2487 | D:3      | Fell from the grace of the Shining One
  2487 | D:3      | Became a worshipper of Cheibriados the Contemplative
  2682 | D:4      | Reached skill level 1 in Long Blades
  2682 | D:4      | Reached skill level 5 in Shields
  2820 | D:5      | Entered Level 5 of the Dungeon
  2822 | D:5      | Found a white marble altar of Elyvilon.
  2845 | D:5      | Reached XP level 6. HP: 21/49 MP: 6/6
  2849 | D:5      | HP: 2/49 [burnt (8)]
  2949 | D:4      | Found an ancient bone altar of Kikubaaqudgha.
  2959 | D:4      | Reached XP level 7. HP: 55/55 MP: 7/7
  3034 | D:4      | Found a staircase to the Ecumenical Temple.
  3048 | Temple   | Entered the Ecumenical Temple
  3113 | D:4      | Found a glowing silver altar of Zin.
  3122 | D:4      | Reached * piety under Cheibriados
  3214 | D:4      | Reached skill level 5 in Armour
  3298 | D:4      | Found a shimmering altar of Xom.
  3304 | D:4      | Reached skill level 5 in Fighting
  3307 | D:4      | Reached skill level 6 in Shields
  3537 | D:5      | Found a shimmering blue altar of Sif Muna.
  3600 | D:5      | Reached XP level 8. HP: 60/62 MP: 8/8
  3684 | D:5      | Reached ** piety under Cheibriados
  3690 | D:5      | Reached skill level 5 in Long Blades
  3813 | D:5      | Found a hide-covered altar of Uskayaw.
  3816 | D:5      | Found an iron altar of Okawaru.
  4076 | D:6      | Reached skill level 7 in Shields
  4296 | D:6      | Found a radiant altar of Vehumet.
  4560 | D:6      | Reached XP level 9. HP: 69/69 MP: 9/9
  4564 | D:6      | Reached *** piety under Cheibriados
  4937 | D:7      | Reached **** piety under Cheibriados
  5003 | D:7      | Identified the +1 leather armour of Polish {Will++}
  5013 | D:7      | Found Kyteu's Magic Scroll Boutique.
  5017 | D:7      | Reached skill level 8 in Shields
  5038 | D:7      | Bought a scroll of teleportation for 36 gold pieces
  5038 | D:7      | Bought a scroll of identify for 24 gold pieces
  5276 | D:7      | Found a burning altar of Makhleb.
  5354 | D:7      | Found Faudast's Fire Supplies.
  5473 | D:7      | Found a bloodstained altar of Trog.
  5644 | D:8      | Noticed an elephant
  5650 | D:8      | Reached XP level 10. HP: 79/79 MP: 10/10
  5655 | D:8      | Found a staircase to the Lair.
  5664 | D:8      | Killed an elephant
  5665 | D:8      | Reached skill level 9 in Shields
  5769 | D:8      | Reached ***** piety under Cheibriados
  6099 | D:8      | Found a transporter.
  6099 | D:8      | Found a transporter.
  6099 | D:8      | Identified the +5 great mace "Tizag" {vamp, ^Contam rN++
                  | Str-3 SInv}
  6099 | D:8      | Noticed whodunnit's ghost (novice OpSh)
  6676 | D:8      | Killed whodunnit's ghost
  6677 | D:8      | Reached skill level 10 in Shields
  6679 | D:8      | Reached XP level 11. HP: 50/87 MP: 11/11
  6902 | D:9      | Found a flagged portal.
  6913 | Bailey   | Entered a bailey
  7104 | Bailey   | Noticed an orc knight
  7105 | Bailey   | Noticed an orc knight
  7112 | Bailey   | HP: 1/87 [orc knight/+0 trident (12)]
  7113 | Bailey   | Slain by an orc

Illustrated notes

Levels and vault maps discovered:
D:1:      grunt_arrival_crossed_arrows, layout_basic, serial_glass,
          glass_columns_c, glass_columns_a, chequers_ecumenical_altar_simple,
          minivault_4
D:2:      layout_basic, basic_altar
D:3:      layout_rooms, nicolae_gozag_cash_rules_everything_around_me,
          slow_altar_2, mainiacjoe_overflow_alcove_1, nemelex_dance_club_becter,
          serial_bayou, serial_bayou_lake_a, serial_bayou_shore_b,
          serial_bayou_crossing, serial_bayou_pond_d, serial_bayou_shore_b
D:4:      layout_rooms, kiku_gazebo_garden_becter, zin_statuary, led_xom_imps,
          minmay_temple_entry_wispy, grunt_decor_junction
D:5:      layout_rooms, okawaru_gym_becter, mainiacjoe_overflow_surrounded_room,
          mainiacjoe_overflow_catwalk, eat_drink_and_be_merry_uskayaw
D:6:      lemuel_ratsnest, layout_loops_ring, fiery_altar_vehumet
D:7:      layout_rooms, demons_altar, lightli_temple_of_fire, abandoned_shop,
          nicolae_wooded_promenade, nicolae_shop_fire_sale
          [nicolae_sub_dead_trees], minivault_22, minmay_misc_feat_chi,
          dreamdust_mushroom_princess
D:8:      layout_basic, david_lair_generic, gammafunk_ghost_smash,
          minmay_manual_mail
D:9:      layout_stronghold, orc_0_dummy, enter_bailey_3, serial_column_ruins,
          column_ruins_square_small, column_ruins_grid_1,
          column_ruins_corridor_straight, column_ruins_grid_1,
          column_ruins_corridor_corner, column_ruins_corridor_T,
          column_ruins_open_tiny, minmay_three_doors, uniq_pikel
Temple:   nicolae_temple_superstar
Bailey:   bailey_polearm_5, bailey

Skill      XL: |  1  2  3  4  5  6  7  8  9 10 |
---------------+-------------------------------+-----
Fighting       | 4 5 6 7 8 |  8.8
Armour         | 4 5 6 7 8 |  8.7
Long Blades    | 2 3 4 5 7 9 |  9.9
Shields        | 5 6 7 8 10 | 10.3
Maces & Flails | |  0.2
Polearms       | |  2.6

Action                     |  1- 3 |  4- 6 |  7- 9 | 10-12 || total
---------------------------+-------+-------+-------+-------++-------
  Melee: Trident           |    92 |    14 |       |       ||   106
         Great sword       |       |    76 |   214 |   102 ||   392
         Flail             |       |     5 |       |       ||     5
  Evoke: Wand              |       |       |       |     1 ||     1
    Use: Scroll            |       |       |     4 |     2 ||     6
         Potion            |       |       |     1 |     2 ||     3
 Armour: Scale mail        |    45 |    13 |       |       ||    58
         Chain mail        |       |    68 |    56 |       ||   124
         Plate armour      |       |       |   136 |   125 ||   261
  Dodge: Dodged            |    35 |    39 |   143 |    89 ||   306
  Block: Buckler           |    17 |    22 |   101 |    73 ||   213

Table legend: (Time is in decaauts)
 A = Elapsed time spent in this place.
 B = Non-inter-level travel time spent in this place.
 C = Inter-level travel time spent in this place.
 D = Time resting spent in this place.
 E = Time spent auto-exploring this place.
 F = Levels seen in this place.
 G = Mean time per level.
                   A        B        C        D        E       F      G
               +--------+--------+--------+--------+--------+-----+--------+
         Total |   9585 |   9175 |    410 |    602 |   5772 |  11 |  871.4 |
       Dungeon |   9327 |   8917 |    410 |    499 |   5772 |   9 | 1036.3 |
        Temple |      1 |      1 |      0 |      0 |      0 |   1 |    1.0 |
        Bailey |    256 |    256 |      0 |    102 |      0 |   1 |  256.0 |
               +--------+--------+--------+--------+--------+-----+--------+

Top non-repeatable levels by time:
     D:8: 2079 daAuts
     D:6: 1360 daAuts
     D:7: 1080 daAuts
     D:3: 1080 daAuts
     D:5: 930 daAuts
     D:1: 906 daAuts
     D:2: 843 daAuts
     D:4: 760 daAuts
     D:9: 287 daAuts
  Bailey: 256 daAuts
  Temple: 1 daAuts
